HSSL
BISHOP VEROT HS @ OLIVER AMES HS TIGERS
04/21/2024
 
TOP OF THE 1ST
Bishop Verot HS batting - Pitching for Oliver Ames HS Tigers : LHP Chris Wells
Pitching: LHP Chris Wells
Batting: RHB Peter Bishop 0-0: Ball
1-0: SINGLE (Groundball, 6MD)
Batting: RHB Luis Morales 0-0: Called Strike
0-1: Foul Ball, location: 2F
0-2: Ball
1-2: Ground out 5-3 (Groundball, 56S)
Peter Bishop to second
Batting: RHB Terry Perkins 0-0: Ball
1-0: Foul Ball, location: 2F
1-1: 2-RUN HOME RUN (Flyball, 7D), Distance : 391 ft
Batting: RHB Nick Vogel 0-0: Ball
1-0: Ball
2-0: Ground out 5-3 (Groundball, 5)
Batting: LHB Rafael Yan 0-0: Called Strike
0-1: Ball
1-1: Ball
2-1: Swinging Strike
2-2: Ball
3-2: Foul Ball, location: 2F
3-2: Base on Balls
Batting: RHB Stuart Mitchell 0-0: Ball
1-0: Foul Ball, location: 2F
1-1: Ball
2-1: Foul Ball, location: 2F
2-2: Strikes out swinging
Top of the 1st over - 2 run(s), 2 hit(s), 0 error(s), 1 left on base; Bishop Verot HS 2 - Oliver Ames HS 0
BOTTOM OF THE 1ST
Oliver Ames HS Tigers batting - Pitching for Bishop Verot HS : RHP Pat Rodríguez
Pitching: RHP Pat Rodríguez
Batting: RHB Quentin Underwood 0-0: Ground out 4-3 (Groundball, 4M)
Batting: RHB James Hunter 0-0: Ball
1-0: Ball
2-0: Ball
3-0: Called Strike
Single, Error in OF, E7, batter to second base
Batting: RHB Denver Baker 0-0: Ball
1-0: Ball
2-0: Called Strike
2-1: Called Strike
2-2: Fly out, F4 (Popup, 4MD)
Batting: LHB Eugene Lee 0-0: Foul Ball, location: 2F
0-1: Foul Ball, location: 2F
0-2: Foul Ball, location: 2F
0-2: Strikes out swinging
Bottom of the 1st over - 0 run(s), 1 hit(s), 1 error(s), 1 left on base; Bishop Verot HS 2 - Oliver Ames HS 0
TOP OF THE 2ND
Bishop Verot HS batting - Pitching for Oliver Ames HS Tigers : LHP Chris Wells
Batting: LHB Jim Hall 0-0: Ball
1-0: Ball
2-0: Called Strike
2-1: Ball
3-1: Called Strike
3-2: Base on Balls
Batting: RHB Carlos Sánchez 0-0: Foul Ball, location: 2F
0-1: Ball
1-1: Foul Ball, location: 2F
1-2: Strikes out swinging
Batting: RHB Jon Foster 0-0: Ball
Jim Hall steals 2nd base
1-0: Ground out 4-3 (Groundball, 4)
Jim Hall to third
Batting: RHB Peter Bishop 0-0: Ball
1-0: Ball
2-0: Called Strike
2-1: Ball
3-1: Fly out, F8 (Flyball, 8RM)
Top of the 2nd over - 0 run(s), 0 hit(s), 0 error(s), 1 left on base; Bishop Verot HS 2 - Oliver Ames HS 0
BOTTOM OF THE 2ND
Oliver Ames HS Tigers batting - Pitching for Bishop Verot HS : RHP Pat Rodríguez
Batting: RHB Jimmy King 0-0: Called Strike
0-1: Ball
1-1: Called Strike
1-2: Ball
2-2: Fly out, F7 (Line Drive, 7S)
Batting: RHB Mason Thompson 0-0: SINGLE (Groundball, 56)
Batting: LHB Miguel García 0-0: Called Strike
0-1: Fielders Choice at 2nd, 4-6 (Groundball, 4)
Batting: RHB Earl Frank 0-0: Called Strike
0-1: Ball
Miguel García steals 2nd base
1-1: 2-RUN HOME RUN (Flyball, 7LD), Distance : 355 ft
Batting: LHB Jason King 0-0: Called Strike
0-1: Ball
1-1: SINGLE (Groundball, 56D)
Batting: RHB Quentin Underwood 0-0: Ball
1-0: Fly out, F4 (Popup, 4MD)
Bottom of the 2nd over - 2 run(s), 3 hit(s), 0 error(s), 1 left on base; Bishop Verot HS 2 - Oliver Ames HS 2
TOP OF THE 3RD
Bishop Verot HS batting - Pitching for Oliver Ames HS Tigers : LHP Chris Wells
Batting: RHB Luis Morales 0-0: Called Strike
0-1: Reached on error, E5 (Groundball, 56)
Batting: RHB Terry Perkins 0-0: Called Strike
0-1: Ball
1-1: Swinging Strike
1-2: Strikes out swinging
Batting: RHB Nick Vogel 0-0: Ball
1-0: Ball
2-0: Called Strike
2-1: DOUBLE (Groundball, 5L)
Luis Morales to third
Batting: LHB Rafael Yan 0-0: Called Strike
0-1: Ball
1-1: Ball
2-1: Ball
3-1: Called Strike
3-2: Foul Ball, location: 2F
3-2: Base on Balls
Batting: RHB Stuart Mitchell 0-0: Swinging Strike
0-1: Ball
1-1: Ball
2-1: Swinging Strike
2-2: SINGLE (Line Drive, 78S)
Luis Morales scores
Nick Vogel to third
Rafael Yan to second
Batting: LHB Jim Hall 0-0: SINGLE (Groundball, 6MD)
Nick Vogel scores
Rafael Yan to third
Stuart Mitchell to second
Runner from 3rd tries for Home, SAFE, no throw or cutoff
Batting: RHB Carlos Sánchez 0-0: SINGLE (Groundball, 5)
Stuart Mitchell to third
Jim Hall to second
Batting: RHB Jon Foster 0-0: Ball
1-0: Swinging Strike
1-1: Called Strike
1-2: Strikes out swinging
Batting: RHB Peter Bishop 0-0: SINGLE (Line Drive, 34D)
Stuart Mitchell scores
Jim Hall to third
Carlos Sánchez to second
Runner from 3rd tries for Home, SAFE, no throw or cutoff
Batting: RHB Luis Morales 0-0: Called Strike
0-1: Ball
1-1: Swinging Strike
1-2: Foul Ball, location: 2F
1-2: Ball
2-2: Foul Ball, location: 2F
2-2: Ball
3-2: Base on Balls
Carlos Sánchez to third
Peter Bishop to second
Batting: RHB Terry Perkins 0-0: Ball
1-0: DOUBLE (Flyball, 78XD)
Carlos Sánchez scores
Peter Bishop scores
Luis Morales to third
Pitching: RHP Bill Simmons
Batting: RHB Nick Vogel 0-0: Ball
1-0: Foul Ball, location: 2F
1-1: Ball
2-1: Ball
3-1: Fly out, F8 (Flyball, 8RM)
Top of the 3rd over - 7 run(s), 6 hit(s), 1 error(s), 2 left on base; Bishop Verot HS 9 - Oliver Ames HS 2
BOTTOM OF THE 3RD
Oliver Ames HS Tigers batting - Pitching for Bishop Verot HS : RHP Pat Rodríguez
Batting: RHB James Hunter 0-0: Foul Ball, location: 2F
0-1: Foul Ball, location: 2F
0-2: Ball
1-2: Foul Ball, location: 2F
1-2: Strikes out swinging
Batting: RHB Denver Baker 0-0: Called Strike
0-1: Ball
1-1: Ball
2-1: Ball
3-1: Foul Ball, location: 2F
3-2: Ground out 6-3 (Groundball, 6S)
Batting: LHB Eugene Lee 0-0: Ball
1-0: Ground out U3 (Groundball, 3L)
Bottom of the 3rd over - 0 run(s), 0 hit(s), 0 error(s), 0 left on base; Bishop Verot HS 9 - Oliver Ames HS 2
TOP OF THE 4TH
Bishop Verot HS batting - Pitching for Oliver Ames HS Tigers : RHP Bill Simmons
Batting: LHB Rafael Yan 0-0: Ball
1-0: Ball
2-0: Ball
3-0: Foul Ball, location: 2F
3-1: DOUBLE (Flyball, 9M)
Batting: RHB Stuart Mitchell 0-0: Ball
1-0: Called Strike
1-1: Called Strike
1-2: Foul Ball, location: 2F
1-2: Foul Ball, location: 2F
1-2: Strikes out looking
Batting: LHB Jim Hall 0-0: Ball
1-0: Swinging Strike
1-1: Fly out, F5 (Popup, 7LSF)
Batting: RHB Carlos Sánchez 0-0: Ball
1-0: Called Strike
1-1: Called Strike
1-2: Strikes out swinging
Top of the 4th over - 0 run(s), 1 hit(s), 0 error(s), 1 left on base; Bishop Verot HS 9 - Oliver Ames HS 2
BOTTOM OF THE 4TH
Oliver Ames HS Tigers batting - Pitching for Bishop Verot HS : RHP Pat Rodríguez
Batting: RHB Jimmy King 0-0: Ball
1-0: Fly out, F9 (Line Drive, 9M)
Batting: RHB Mason Thompson 0-0: SINGLE (Line Drive, 89S)
Batting: LHB Miguel García 0-0: Called Strike
0-1: DOUBLE (Line Drive, 7LS)
Mason Thompson to third
Batting: RHB Earl Frank 0-0: Ball
1-0: Foul Ball, location: 2F
1-1: Swinging Strike
1-2: Ball
2-2: Fly out, F9 (Flyball, 9M)
Throwing error, E9
Mason Thompson scores
Miguel García to third
Batting: LHB Jason King 0-0: Foul Ball, location: 2F
0-1: Called Strike
0-2: Ball
1-2: Ball
2-2: Ball
3-2: SINGLE (Line Drive, 56D)
Miguel García scores
Batting: RHB Quentin Underwood 0-0: SINGLE (Groundball, 34S)
Jason King to second
Runner from 2nd tries for 3rd, SAFE, throw made to third
Batting: RHB James Hunter 0-0: Called Strike
0-1: Ball
1-1: 3-RUN HOME RUN (Flyball, 7D), Distance : 383 ft
Batting: RHB Denver Baker 0-0: Called Strike
0-1: Ball
1-1: Swinging Strike
1-2: Ball
2-2: Strikes out swinging
Bottom of the 4th over - 5 run(s), 5 hit(s), 1 error(s), 0 left on base; Bishop Verot HS 9 - Oliver Ames HS 7
TOP OF THE 5TH
Bishop Verot HS batting - Pitching for Oliver Ames HS Tigers : RHP Bill Simmons
Batting: RHB Jon Foster 0-0: Foul Ball, location: 2F
0-1: Ball
1-1: Ball
2-1: Ball
3-1: Called Strike
3-2: Foul Ball, location: 2F
3-2: Foul Ball, location: 2F
3-2: Base on Balls
Batting: RHB Peter Bishop 0-0: SINGLE (Groundball, 5S) (infield hit)
Jon Foster to second
Batting: RHB Luis Morales 0-0: Ball
1-0: Ball
2-0: Swinging Strike
2-1: Foul Ball, location: 2F
2-2: Ball
3-2: Fly out, F6 (Popup, 6D)
Batting: RHB Terry Perkins 0-0: Fly out, F6 (Popup, 6D)
Batting: RHB Nick Vogel 0-0: Ball
1-0: Ball
2-0: Ball
3-0: Foul Ball, location: 2F
3-1: Called Strike
3-2: Base on Balls
Jon Foster to third
Peter Bishop to second
Batting: LHB Rafael Yan 0-0: Ball
1-0: Called Strike
1-1: Ball
2-1: Fly out, F7 (Flyball, 7M)
Top of the 5th over - 0 run(s), 1 hit(s), 0 error(s), 3 left on base; Bishop Verot HS 9 - Oliver Ames HS 7
BOTTOM OF THE 5TH
Oliver Ames HS Tigers batting - Pitching for Bishop Verot HS : RHP Pat Rodríguez
Pitching: RHP Emílio Torres
Batting: LHB Eugene Lee 0-0: Called Strike
0-1: Swinging Strike
0-2: Ball
1-2: Strikes out swinging
Batting: RHB Jimmy King 0-0: Ball
1-0: Foul Ball, location: 2F
1-1: Ball
2-1: Reached on error, E4 (Groundball, 4)
Batting: RHB Mason Thompson 0-0: Ball
1-0: SINGLE (Groundball, 56D)
Jimmy King to second
Batting: LHB Miguel García 0-0: Called Strike
0-1: Fielders Choice at 2nd, 6-4 (Groundball, 6)
Jimmy King to third
Batting: RHB Earl Frank 0-0: Ball
Miguel García is caught stealing 2nd base
Bottom of the 5th over - 0 run(s), 1 hit(s), 1 error(s), 0 left on base; Bishop Verot HS 9 - Oliver Ames HS 7
TOP OF THE 6TH
Bishop Verot HS batting - Pitching for Oliver Ames HS Tigers : RHP Bill Simmons
Batting: RHB Stuart Mitchell 0-0: Ball
1-0: Foul Ball, location: 2F
1-1: Foul Ball, location: 2F
1-2: Ball
2-2: Strikes out swinging
Pitching: RHP Nelson Dixon
Batting: LHB Jim Hall 0-0: Called Strike
0-1: Called Strike
0-2: Strikes out swinging
Batting: RHB Carlos Sánchez 0-0: Ball
1-0: Called Strike
1-1: Ground out 6-3 (Groundball, 6)
Top of the 6th over - 0 run(s), 0 hit(s), 0 error(s), 0 left on base; Bishop Verot HS 9 - Oliver Ames HS 7
BOTTOM OF THE 6TH
Oliver Ames HS Tigers batting - Pitching for Bishop Verot HS : RHP Emílio Torres
Batting: RHB Earl Frank 0-0: Ball
1-0: Ball
2-0: Called Strike
2-1: Swinging Strike
2-2: Foul Ball, location: 2F
2-2: Ball
3-2: Strikes out swinging
Batting: LHB Jason King 0-0: Swinging Strike
0-1: Ball
1-1: Called Strike
1-2: Ball
2-2: Ground out 3-1 (Groundball, 34)
Batting: RHB Quentin Underwood 0-0: Ball
1-0: Called Strike
1-1: Ball
2-1: Foul Ball, location: 2F
2-2: Foul Ball, location: 2F
2-2: Foul Ball, location: 2F
2-2: Ball
3-2: Foul Ball, location: 2F
3-2: SINGLE (Line Drive, 4D)
Batting: RHB James Hunter 0-0: Called Strike
Quentin Underwood steals 2nd base
0-1: Ball
1-1: Foul Ball, location: 2F
1-2: Foul Ball, location: 2F
1-2: Ground out 6-3 (Groundball, 6M)
Bottom of the 6th over - 0 run(s), 1 hit(s), 0 error(s), 1 left on base; Bishop Verot HS 9 - Oliver Ames HS 7
TOP OF THE 7TH
Bishop Verot HS batting - Pitching for Oliver Ames HS Tigers : RHP Nelson Dixon
Batting: RHB Jon Foster 0-0: Called Strike
0-1: Ball
1-1: Ball
2-1: Foul Ball, location: 2F
2-2: Strikes out looking
Batting: RHB Peter Bishop 0-0: Fly out, F8 (Flyball, 8LM)
Batting: RHB Luis Morales 0-0: Ball
1-0: Ball
2-0: Foul Ball, location: 2F
2-1: Ball
3-1: SINGLE (Line Drive, 4M)
Batting: RHB Terry Perkins 0-0: Called Strike
0-1: Called Strike
0-2: Foul Ball, location: 2F
0-2: Ball
Wild Pitch!
Luis Morales to second
1-2: Ball
2-2: Strikes out swinging
Top of the 7th over - 0 run(s), 1 hit(s), 0 error(s), 1 left on base; Bishop Verot HS 9 - Oliver Ames HS 7
BOTTOM OF THE 7TH
Oliver Ames HS Tigers batting - Pitching for Bishop Verot HS : RHP Emílio Torres
Pitching: RHP Bryan Smith
Batting: RHB Denver Baker 0-0: Ball
1-0: Fly out, F7 (Line Drive, 7M)
Batting: LHB Eugene Lee 0-0: Fly out, F9 (Flyball, 89M)
Batting: RHB Jimmy King 0-0: Ball
1-0: Ball
2-0: Swinging Strike
2-1: Ball
3-1: SINGLE (Groundball, 5D)
Batting: RHB Mason Thompson 0-0: Ball
1-0: Hit by Pitch
Jimmy King to second
Batting: LHB Miguel García 0-0: Ball
1-0: Foul Ball, location: 2F
1-1: Fly out, F8 (Flyball, 8LM)
Bottom of the 7th over - 0 run(s), 1 hit(s), 0 error(s), 2 left on base; Bishop Verot HS 9 - Oliver Ames HS 7
TOP OF THE 8TH
Bishop Verot HS batting - Pitching for Oliver Ames HS Tigers : RHP Nelson Dixon
Batting: RHB Nick Vogel 0-0: Ball
1-0: Ball
2-0: Called Strike
2-1: Ball
3-1: Called Strike
3-2: Foul Ball, location: 2F
3-2: Foul Ball, location: 2F
3-2: Fly out, F4 (Popup, 4MS)
Pitching: LHP John Keller
Batting: LHB Rafael Yan 0-0: Called Strike
0-1: Fly out, F9 (Flyball, 9M)
Batting: RHB Stuart Mitchell 0-0: Called Strike
0-1: Fly out, F5 (Line Drive, 5)
Top of the 8th over - 0 run(s), 0 hit(s), 0 error(s), 0 left on base; Bishop Verot HS 9 - Oliver Ames HS 7
BOTTOM OF THE 8TH
Oliver Ames HS Tigers batting - Pitching for Bishop Verot HS : RHP Bryan Smith
Batting: RHB Earl Frank 0-0: Fly out, F7 (Flyball, 7M)
Batting: LHB Jason King 0-0: Ball
1-0: Ball
2-0: Called Strike
2-1: Called Strike
2-2: Foul Ball, location: 2F
2-2: SINGLE (Groundball, 34D)
Pitching: RHP Pete O'Connor
Batting: RHB Quentin Underwood 0-0: Ball
1-0: Called Strike
1-1: Ball
2-1: Ball
3-1: Called Strike
3-2: DOUBLE (Line Drive, 3D)
Jason King to third
Jason King scores
Batting: RHB James Hunter 0-0: Ball
1-0: Ball
2-0: Called Strike
2-1: Swinging Strike
2-2: Ball
3-2: Base on Balls
Batting: RHB Denver Baker 0-0: Called Strike
0-1: Swinging Strike
0-2: Strikes out swinging
Pitching: LHP Richard Warren
Batting: LHB Eugene Lee 0-0: Ball
1-0: Called Strike
1-1: Foul Ball, location: 2F
1-2: Foul Ball, location: 2F
1-2: Ball
2-2: Foul Ball, location: 2F
2-2: Ball
3-2: Base on Balls
Quentin Underwood to third
James Hunter to second
Pitching: RHP Collin Thompson
Batting: RHB Jimmy King 0-0: Called Strike
0-1: Ground out 4-3 (Groundball, 4)
Bottom of the 8th over - 1 run(s), 2 hit(s), 0 error(s), 3 left on base; Bishop Verot HS 9 - Oliver Ames HS 8
TOP OF THE 9TH
Bishop Verot HS batting - Pitching for Oliver Ames HS Tigers : LHP John Keller
Pitching: LHP Jeffrey Hays
Batting: LHB Jim Hall 0-0: Ball
1-0: Called Strike
1-1: Ball
2-1: Ball
3-1: Base on Balls
Batting: RHB Carlos Sánchez 0-0: Ball
1-0: Sac Bunt - play at first, batter OUT! 5-4
Jim Hall to second
Batting: RHB Jon Foster 0-0: Called Strike
0-1: Foul Ball, location: 2F
0-2: Ball
1-2: Ground out 5-3 (Groundball, 5)
Batting: RHB Peter Bishop 0-0: 2-RUN HOME RUN (Flyball, 78XD), Distance : 429 ft
Batting: RHB Luis Morales 0-0: Ball
1-0: Foul Ball, location: 2F
1-1: Ball
2-1: Ball
3-1: Base on Balls
Batting: RHB Terry Perkins 0-0: Ball
1-0: Ball
2-0: Fly out, F8 (Flyball, 8RM)
Top of the 9th over - 2 run(s), 1 hit(s), 0 error(s), 1 left on base; Bishop Verot HS 11 - Oliver Ames HS 8
BOTTOM OF THE 9TH
Oliver Ames HS Tigers batting - Pitching for Bishop Verot HS : RHP Collin Thompson
Pitching: RHP Pedro Sendejo
Now in LF: Kevin Magee
Batting: RHB Mason Thompson 0-0: Fly out, F9 (Popup, 9LS)
Batting: LHB Miguel García 0-0: Ball
1-0: Swinging Strike
1-1: Swinging Strike
1-2: Strikes out swinging
Batting: RHB Earl Frank 0-0: Fly out, F8 (Flyball, 89M)
Bottom of the 9th over - 0 run(s), 0 hit(s), 0 error(s), 0 left on base; Bishop Verot HS 11 - Oliver Ames HS 8
This league is powered by Out of the Park Baseball, the baseball management simulation game for PC, Mac and Linux
Saturday, April 9th, 2016 - OOTP Baseball 16.8 Build 38